cohdb
Replays
Latest Replays
All Replays
Popular Replays
Top Player Replays
Match Explorer
How It Works
Community
CoH3 Stats
Reddit
Sign in to upload your games and track your stats! →
Sign in with Steam
Match 42500752
Unlisted
Match 42500752
Overview
Messages
Build Orders
End
Vickers Machine Gun Team
Construct Section Command Post
Selects Air and Sea Battlegroup
Infantry Section
Vickers Machine Gun Team
ML 3-inch Mortar Team
Grenade Package
Selects Supply Surplus
ML 3-inch Mortar Team
Construct Platoon Command Post
6-pounder Anti-tank Gun Team
Selects Commando Section Paradrop
Tamás
Fish
ComradeIgor
DSGR
kerem
homig
White Conscript
luc
0
0
Comments
sign in to comment!
No comments posted yet!